[Event "Lithuanian Chess League 2021"]
[Site "Various cities"]
[Date "2021.05.14"]
[Round "5.1"]
[White "Stauskas, Lukas"]
[Black "Chocenka, Dmitrijus"]
[Result "1/2-1/2"]
[WhiteElo "2316"]
[BlackElo "2327"]
[PlyCount "114"]
[TimeControl "90/40+30:0"]
[WhiteClock "0:08:10"]
[BlackClock "0:21:07"]

1. d4 Nf6 2. c4 g6 3. Nc3 Bg7 4. e4 d6 5. Nf3 O-O 6. h3 e5 7. d5 a5 8. g4 Na6 9. Be3 Nd7 10. a3 Nb6 11. Nd2 f5 12. gxf5 gxf5 13. exf5 Bxf5 14. Nde4 Nc5 15. Nxc5 dxc5 16. h4 Qe7 17. Be2 Kh8 18. Qd2 Bf6 19. O-O-O Rad8 20. f3 c6 21. Ne4 cxd5 22. Bxc5 Qc7 23. Qxa5 dxe4 24. Rxd8 Qxd8 25. Bxf8 exf3 26. Bc5 Bxh4 27. Rxh4 Qxh4 28.
Bxb6 Qf4+ 29. Kd1 fxe2+ 30. Kxe2 Qxc4+ 31. Kf2 Qf4+ 32. Ke2 Bg4+ 33. Kd3 Qf3+ 34. Kc2 Qd1+ 35. Kc3 Qc1+ 36. Kd3 Bf5+ 37. Ke2 Qxb2+ 38. Kf3 Qb3+ 39. Be3 Qd1+ 40. Kf2 Qd6 41. Qa8+ Kg7 42. Qxb7+ Bd7 43. Qa7 Kg6 44. Qa8 Qe6 45. Qf8 Qf5+ 46. Qxf5+ Kxf5 47. Bh6 Bc6 48. Kg3 Ke4 49. Bg7 Kf5 50. Kh4 Be8 51. Bh6 Ba4 52. Bc1 Bd1 53. Bd2 Ke4 54. Kg5 Bc2 55. Kh6 Kd3 56. Be1 Kc4 57. a4 Bxa4 1/2-1/2

[Event "Lithuanian Chess League 2021"]
[Site "Various cities"]
[Date "2021.05.14"]
[Round "5.2"]
[White "Indriunas, Matas"]
[Black "Vardanyan, Aras"]
[Result "0-1"]
[WhiteElo "2227"]
[BlackElo "2197"]
[PlyCount "82"]
[TimeControl "90/40+30:0"]
[WhiteClock "0:02:31"]
[BlackClock "0:30:26"]

1. e4 c5 2. Nf3 e6 3. d4 cxd4 4. Nxd4 a6 5. Bd3 Ne7 6. c4 Nbc6 7. Nb3 g6 8.
O-O Bg7 9. f4 d6 10. Nc3 O-O 11. Qe2 d5 12. e5 Nb4 13. Be3 Nxd3 14. Qxd3 dxc4 15. Qxc4 b5 16. Qe4 Rb8 17. Rfd1 Qc7 18. Rac1 Bb7 19. Qb1 Bc6 20. Nd4 Rfd8 21. Nxc6 Nxc6 22. Rxd8+ Rxd8 23. Ne4 Qb7 24. Nd6 Qa8 25. Qc2 Nb4 26. Qc7 Rf8 27. Bd2 Qd5 28. Be3 Qxa2 29. Bd4 Nd5 30. Qc2 Nxf4 31. Rf1 Nd5 32. h4 Ne7 33. Ne4 Qd5 34. Bc5 Rc8 35.
Rd1 Qxe5 36. Bxe7 Rxc2 37. Rd8+ Bf8 38. Nf6+ Kg7 39. Ne8+ Kh6 40. Bg5+ Qxg5 41. hxg5+ Kxg5 0-1

[Event "Lithuanian Chess League 2021"]
[Site "Various cities"]
[Date "2021.05.14"]
[Round "5.3"]
[White "Salna, Aleksandras"]
[Black "Limontas, Martynas"]
[Result "1-0"]
[WhiteElo "2125"]
[BlackElo "2311"]
[PlyCount "81"]
[TimeControl "90/40+30:0"]
[WhiteClock "0:13:05"]
[BlackClock "0:00:36"]

1. d4 Nf6 2. c4 e6 3. Nc3 Bb4 4. Qc2 d5 5. a3 Bxc3+ 6. Qxc3 Ne4 7. Qc2 c5 8.
dxc5 a5 9. Be3 a4 10. Rc1 Qa5+ 11. Bd2 Nxd2 12. Qxd2 d4 13. Nf3 Nc6 14. Qxa5 Rxa5 15. e3 dxe3 16. fxe3 Rxc5 17. Nd4 Ne5 18. Kd2 Bd7 19. Be2 Ke7 20. Kc3 Rhc8 21. Kb4 b5 22. b3 bxc4 23. bxc4 R5c7 24. Rhg1 Nc6+ 25. Nxc6+ Bxc6 26. Rb1 Be4 27. Kc3 Bxb1 28. Rxb1 Ra7 29. Rb5 Raa8 30. Kb4 Rab8 31. Kxa4 Rxb5 32. cxb5 Rc3 33. b6 Kd8 34. Kb4 Rxe3 35.
Ba6 e5 36. a4 Re1 37. Bc4 Rb1+ 38. Kc5 Ra1 39. Kb5 Rb1+ 40. Ka6 Rd1 41. Ka7 1-0

[Event "Lithuanian Chess League 2021"]
[Site "Various cities"]
[Date "2021.05.14"]
[Round "5.4"]
[White "Mickevicius, Juras"]
[Black "Eigminas, Kipras"]
[Result "1/2-1/2"]
[WhiteElo "2281"]
[BlackElo "2095"]
[PlyCount "80"]
[TimeControl "90/40+30:0"]
[WhiteClock "0:02:21"]
[BlackClock "0:49:11"]

1. d4 Nf6 2. c4 c5 3. d5 g6 4. Nc3 Bg7 5. Nf3 O-O 6. g3 e6 7. Bg2 exd5 8.
cxd5 d6 9. O-O Nbd7 10. Bf4 Qe7 11. a4 b6 12. Re1 Ng4 13. Bg5 f6 14. Bd2 a6 15. Rb1 Nge5 16. Qc2 g5 17. b4 Nc4 18. Bc1 Ra7 19. bxc5 bxc5 20. e4 g4 21. Nd2 Nxd2 22. Bxd2 Ne5 23. Nd1 f5 24. Ne3 fxe4 25. Bxe4 Qf7 26. Bc3 Qh5 27. Rb8 Raf7 28. Bxe5 Bxe5 29. Rxc8 Rxc8 30. Bf5 Rxf5 31. Qxf5 Qxf5 32. Nxf5 Kf8 33. Ne3 c4 34. Rc1 c3 35.
Nxg4 Rc4 36. Nxe5 dxe5 37. Kf1 Ke7 38. Ke2 e4 39. f3 exf3+ 40.
Kxf3 Kd6 1/2-1/2

[Event "Lithuanian Chess League 2021"]
[Site "Various cities"]
[Date "2021.05.14"]
[Round "5.5"]
[White "Zozulia, Alexandr"]
[Black "Burstein, Roman"]
[Result "1/2-1/2"]
[WhiteElo "2069"]
[BlackElo "2310"]
[PlyCount "110"]
[TimeControl "90/40+30:0"]
[WhiteClock "0:05:34"]
[BlackClock "0:11:37"]

1. e4 c5 2. Nc3 Nc6 3. g3 g6 4. d3 Bg7 5. Be3 Nd4 6. Bg2 e6 7. Qd2 Ne7 8. Nd1 d6 9. c3 Ndc6 10. Bh6 Bxh6 11. Qxh6 Ng8 12. Qd2 Nf6 13. f4 Bd7 14. Ne3 O-O 15. Ne2 d5 16. O-O d4 17. Nc2 Qb6 18. e5 Ne8 19. g4 f5 20. g5 Rd8 21. c4 Ne7 22. b4 Bc6 23. bxc5 Qxc5 24. Qb4 Qxb4 25. Nxb4 Ba4 26. Rfc1 Nc7 27. Rab1 b6 28. Kf2 Kf7 29. Ke1 h6 30. h4 hxg5 31. hxg5 Rh8 32. Kd2 Rh2 33. Bf3 b5 34. Rh1 Rdh8 35. Rxh2 Rxh2 36. Rh1 Rf2 37. Rh7+ Kf8 38. Nc6 bxc4 39. Ncxd4 cxd3 40. Kxd3 Rf1 41. Nc3 Bd7 42. Rh1 Rxh1 43. Bxh1 Ke8 44. Kc4 Bc8 45. a4 Kd7 46. Ndb5 Ba6 47. Kc5 Bxb5 48. axb5 Nc8 49. Bc6+ Kd8 50. Na4 Ne7 51. Nc3 Nc8 52. Na4 Ne7 53. b6 axb6+ 54. Nxb6 Nxc6 55. Kxc6 Ne8 1/2-1/2

[Event "Lithuanian Chess League 2021"]
[Site "Various cities"]
[Date "2021.05.14"]
[Round "5.6"]
[White "Sulskis, Sarunas"]
[Black "Laurusas, Tomas"]
[Result "1/2-1/2"]
[WhiteElo "2518"]
[BlackElo "2505"]
[PlyCount "89"]
[TimeControl "90/40+30:0"]
[WhiteClock "0:22:57"]
[BlackClock "0:24:20"]

1. c4 c6 2. d4 d5 3. cxd5 cxd5 4. Bg5 h6 5. Bh4 Qb6 6. Nc3 e6 7. Qd2 Ne7 8.
f3 Nbc6 9. Bf2 Nf5 10. Rd1 Qa5 11. e4 Nd6 12. e5 Nc4 13. Bxc4 dxc4 14. Nge2 b6 15. O-O Nb4 16. d5 Nxd5 17. Nxd5 Qxd5 18. Qf4 Qb7 19. Nc3 Bd7 20. Ne4 Bc6 21. Nd6+ Bxd6 22. Rxd6 Bd5 23. Rd1 Rd8 24. Rxd8+ Kxd8 25. Qxc4 Kd7 26. Qg4 g6 27. Qc4 g5 28. h4 Rg8 29. Qe4 Rh8 30. Qg4 Kc8 31. hxg5 hxg5 32. Qxg5 Bxa2 33. Qg7 Re8 34. Rd6 Qc7 35. Kh2 f5 36. Qxc7+ Kxc7 37. Rd2 Rh8+ 38. Kg3 Bd5 39. Kf4 Kc6 40. g4 fxg4 41. fxg4 Rh2 42. g5 Kd7 43. Be1 Rxd2 44. Bxd2 Ke8 45. Be3 1/2-1/2

[Event "Lithuanian Chess League 2021"]
[Site "Various cities"]
[Date "2021.05.14"]
[Round "5.7"]
[White "Pultinevicius, Paulius"]
[Black "Bieliauskas, Marius"]
[Result "1-0"]
[WhiteElo "2501"]
[BlackElo "2201"]
[PlyCount "77"]
[TimeControl "90/40+30:0"]
[WhiteClock "0:24:26"]
[BlackClock "0:01:06"]

1. d4 d5 2. c4 e6 3. Nc3 Nf6 4. Nf3 Be7 5. Bf4 O-O 6. e3 Nbd7 7. Qc2 c5 8.
Rd1 Qa5 9. Nd2 cxd4 10. exd4 Bb4 11. Be2 Re8 12. O-O Bxc3 13.
bxc3 b6 14. Bd6 dxc4 15. Nxc4 Qf5 16. Bd3 Qh5 17. Rfe1 Ba6 18.
Bg3 Bxc4 19. Bxc4 Qa5 20. Bd3 e5 21. Re3 exd4 22. cxd4 Rac8 23. Qe2 Nf8 24. Bc4 Rxe3 25. fxe3 Qa3 26. Rf1 Re8 27. Bb3 Qe7 28. Rf3 Ne6 29. Qb5 Ne4 30. Bh4 g5 31. Be1 g4 32. Rf1 Nd6 33.
Qd3 Ng5 34. Bg3 Nge4 35. Be5 Qg5 36. Rf4 Qg6 37. Bd5 Rc8 38. Bxe4 Rc1+ 39. Kf2 1-0

[Event "Lithuanian Chess League 2021"]
[Site "Various cities"]
[Date "2021.05.14"]
[Round "5.8"]
[White "Steponavicius, Stasys"]
[Black "Vedrickas, Tautvydas"]
[Result "1-0"]
[WhiteElo "2193"]
[BlackElo "2395"]
[PlyCount "143"]
[TimeControl "90/40+30:0"]
[WhiteClock "0:09:17"]
[BlackClock "0:00:56"]

1. d4 Nf6 2. c4 c5 3. d5 b5 4. Qc2 e6 5. e4 d6 6. Nf3 g6 7. b3 Bg7 8. Bb2 exd5 9. exd5 O-O 10. Bd3 Re8+ 11. Kf1 bxc4 12. bxc4 Nbd7 13. Nbd2 Rb8 14. Bc3 Nb6 15. h3 Ba6 16. Kg1 Nh5 17. Bxg7 Kxg7 18. g3 f5 19. Kg2 Qf6 20.
Rab1 Re7 21. Nb3 Bb7 22. Na5 Ba8 23. Qd2 h6 24. Rhe1 Rbe8 25. Bc2 Kh7 26. Rxe7+ Rxe7 27. Re1 Ng7 28. Rxe7 Qxe7 29. g4 Qf6 30. gxf5 Nxf5 31. Qf4 Nc8 32. Bxf5 gxf5 33. Nc6 Bxc6 34. dxc6 Ne7 35. c7 Qe6 36. Qh4 Qg8+ 37. Kh2 Nc8 38. Qf6 Qg6 39. Qxg6+ Kxg6 40. Kg3 Kf6 41. Kf4 Ke6 42. Nh4 Kd7 43. Nxf5 Kxc7 44. Ke4 Nb6 45. Kd3 d5 46. cxd5 Nxd5 47. Kc4 Kc6 48. Nxh6 Nb6+ 49. Kb3 c4+ 50. Kc3 Kc5 51. Nf5 Nd5+ 52. Kd2 Kb4 53. Ne3 Nf6 54. Nc2+ Kc5 55. f3 a5 56. h4 Nd5 57.
h5 c3+ 58. Kd1 Kc4 59. h6 Nf4 60. h7 Ng6 61. Ke2 Nf4+ 62. Ke3 Ng6 63. Ke4 a4 64. f4 Nh8 65. Ne3+ Kb4 66. Kd3 Ka3 67. Kxc3 Kxa2 68. Nc4 Kb1 69. f5 Nf7 70. f6 Nh8 71. Kb4 Kc2 72. Ne5 1-0

[Event "Lithuanian Chess League 2021"]
[Site "Various cities"]
[Date "2021.05.14"]
[Round "5.9"]
[White "Klabis, Rokas"]
[Black "Miknevicius, Laurynas"]
[Result "1-0"]
[WhiteElo "2329"]
[BlackElo "2186"]
[PlyCount "79"]
[TimeControl "90/40+30:0"]
[WhiteClock "0:01:32"]
[BlackClock "0:05:31"]

1. e4 c5 2. Nf3 g6 3. Nc3 Bg7 4. g3 Nc6 5. Bg2 e6 6. O-O Nge7 7. Ne2 d5 8.
exd5 exd5 9. d4 c4 10. b3 b5 11. c3 O-O 12. Bg5 Re8 13. a4 Ba6 14. b4 Qd7 15.
Bxe7 Nxe7 16. Re1 bxa4 17. Rxa4 Bb5 18. Ra5 a6 19. Nf4 Nc6 20.
Ra2 Bh6 21. Ne5 Nxe5 22. Nxd5 Ng4 23. Rxe8+ Rxe8 24. h3 Bc6 25.
Qxg4 Re6 26. Nb6 Qe8 27. d5 Re1+ 28. Kh2 Be3 29. Nxc4 Bd7 30. Qf3 Bg5 31. Nd6 Qe7 32. Ne4 f5 33. Nxg5 Qxg5 34. Re2 Rb1 35. Qe3 Qf6 36. Qe7 Qxe7 37. Rxe7 Bb5 38. d6 Rd1 39. c4 Bxc4 40. d7 1-0

[Event "Lithuanian Chess League 2021"]
[Site "Various cities"]
[Date "2021.05.14"]
[Round "5.10"]
[White "Lazaravicius, Aras Jonas"]
[Black "Sakalauskas, Vaidas"]
[Result "0-1"]
[WhiteElo "1902"]
[BlackElo "2331"]
[PlyCount "124"]
[TimeControl "90/40+30:0"]
[WhiteClock "0:32:16"]
[BlackClock "0:32:30"]

1. d4 d6 2. Nf3 Bg4 3. c4 Nd7 4. g3 Bxf3 5. exf3 c6 6. Bg2 e6 7. O-O d5 8. c5 b6 9. cxb6 axb6 10. Re1 g6 11. Qc2 Qc8 12. Be3 Bg7 13.
Nd2 Ne7 14. Nb3 O-O 15. a3 Ra4 16. Bf1 Qa8 17. Rac1 Rc8 18. Bg5 Nf6 19. Bd2 Nd7 20. Bg5 Nf5 21. Bb5 Rxd4 22. g4 Nc5 23. Be3 Nxb3 24. Qxb3 Nxe3 25. fxe3 Rd2 26. Re2 Bxb2 27. Rxc6 Rxe2 28. Rxc8+ Qxc8 29. Bxe2 Qc1+ 30. Kf2 Bc3 31. Qa2 Be1+ 32. Kg2 Qxe3 33. Bf1 Bc3 34. Qe2 Qc1 35. a4 Bd4 36. Qd3 Be5 37. Qe2 Qf4 38. Kh1 Bd6 39. Qf2 Bc5 40. Qg3 Qxa4 41. Qb8+ Kg7 42. Qe5+ Kf8 43. Qb8+ Qe8 44. Qe5 Kg8 45. h4 Qd8 46. h5 Qh4+ 47. Qh2 Qxh2+ 48. Kxh2 gxh5 49. gxh5 Kg7 50. Bd3 Kh6 51. Kh3 Kxh5 52. Bxh7 Kg5 53. Bd3 Kf4 54. Kg2 f5 55. Bb5 e5 56. Bc6 d4 57. Kf1 Ke3 58. Ke1 e4 59. fxe4 fxe4 60.
Kd1 d3 61. Ke1 Kd4 62. Kd1 e3 0-1

[Event "Lithuanian Chess League 2021"]
[Site "Various cities"]
[Date "2021.05.14"]
[Round "5.11"]
[White "Stremavicius, Titas"]
[Black "Kalvaitis, Sigitas"]
[Result "1/2-1/2"]
[WhiteElo "2484"]
[BlackElo "2184"]
[PlyCount "103"]
[TimeControl "90/40+30:0"]
[WhiteClock "0:01:50"]
[BlackClock "0:25:05"]

1. c4 e6 2. Nc3 d5 3. d4 Nf6 4. cxd5 Nxd5 5. e3 c5 6. Bd3 Nc6 7. Nf3 Be7 8.
O-O cxd4 9. exd4 O-O 10. Qe2 Bf6 11. Qe4 g6 12. Bh6 Re8 13. Rad1 Bd7 14. Nxd5 exd5 15. Qf4 Bg7 16. Bxg7 Kxg7 17. Ne5 Nxe5 18. dxe5 Qb6 19. Rd2 Re6 20. Re1 Rae8 21. Rde2 Bb5 22. Bxb5 Qxb5 23. b3 Qc5 24. Rc1 Qb6 25. h4 h5 26. Rd1 Qc5 27. Qg3 Kh7 28. Qf3 Kg8 29. Rxd5 Qe7 30.
Qe4 Rd8 31. g3 Rxd5 32. Qxd5 Kg7 33. Qd4 Qa3 34. Kg2 Qa6 35. Rd2 Qc6+ 36. Kh2 a5 37. Qd5 Qc3 38. Re2 b6 39. Kg2 Kf8 40. Qd8+ Kg7 41. Qd5 Kf8 42. Re3 Qc7 43. Qd4 Qc6+ 44. Kh2 Kg7 45. Rc3 Qb5 46. Re3 Qc6 47.
a4 Qc2 48. Rc3 Qe2 49. Rc8 Qxe5 50. Qd8 Kh6 51. Rb8 Qf6 52. Qf8+ 1/2-1/2

[Event "Lithuanian Chess League 2021"]
[Site "Various cities"]
[Date "2021.05.14"]
[Round "5.12"]
[White "Vasylius, Kestutis"]
[Black "Juksta, Karolis"]
[Result "0-1"]
[WhiteElo "2064"]
[BlackElo "2437"]
[PlyCount "74"]
[TimeControl "90/40+30:0"]
[WhiteClock "0:12:46"]
[BlackClock "0:00:57"]

1. e4 e6 2. d4 d5 3. Nc3 Bb4 4. e5 c5 5. a3 Bxc3+ 6. bxc3 Qa5 7. Qd2 Nc6 8.
Nf3 Nge7 9. a4 b6 10. Ba3 Ba6 11. dxc5 Bxf1 12. Bb4 Qa6 13. Rxf1 bxc5 14. Bxc5 O-O 15. Qd3 Qa5 16. Ng5 g6 17. Qh3 h5 18. Bd6 d4 19. Ne4 Nf5 20. Nf6+ Kh8 21. Bxf8 Qxe5+ 22. Kd1 Qxf6 23. Bc5 Qe5 24. g4 Qxc5 25. gxf5 exf5 26. c4 Qxc4 27. Re1 Rb8 28. Re2 Kg7 29. Qg3 Qd5 30. f4 Rb4 31. Qg2 Qd6 32. Qf3 d3 33. Rf2 dxc2+ 34. Kc1 Qf6 35. Qa3 Re4 36. Kxc2 Nb4+ 37. Kd1 Qd4+ 0-1

[Event "Lithuanian Chess League 2021"]
[Site "Various cities"]
[Date "2021.05.14"]
[Round "5.13"]
[White "Stremavicius, Pijus"]
[Black "Jonkus, Lukas"]
[Result "1-0"]
[WhiteElo "2214"]
[BlackElo "1845"]
[PlyCount "41"]
[TimeControl "90/40+30:0"]
[WhiteClock "1:11:11"]
[BlackClock "0:49:19"]

1. e4 d5 2. exd5 Nf6 3. d4 Nxd5 4. c4 Nf6 5. Nc3 c6 6. Be2 Bf5 7. Nf3 e6 8.
Nh4 Bg6 9. O-O Ne4 10. Nxg6 Nxc3 11. bxc3 hxg6 12. Rb1 Bd6 13. g3 Rxh2 14. Bg5 Rh1+ 15. Kxh1 Qxg5 16. Rxb7 Nd7 17. Kg2 f5 18. Bf3 Rc8 19. Qe2 e5 20. dxe5 Nxe5 21. c5 1-0

[Event "Lithuanian Chess League 2021"]
[Site "Various cities"]
[Date "2021.05.14"]
[Round "5.14"]
[White "Maciuitis, Ignas"]
[Black "Vaznonis, Vytautas"]
[Result "0-1"]
[WhiteElo "1789"]
[BlackElo "2382"]
[PlyCount "102"]
[TimeControl "90/40+30:0"]
[WhiteClock "0:03:27"]
[BlackClock "0:06:38"]

1. e4 e6 2. d4 d5 3. Nc3 Bb4 4. e5 c5 5. a3 Bxc3+ 6. bxc3 Qa5 7. Bd2 Qa4 8.
Nf3 b6 9. Be2 Ba6 10. Ra2 Ne7 11. O-O Nbc6 12. Be3 cxd4 13. cxd4 Rc8 14. Bxa6 Qxa6 15. c3 O-O 16. Qc2 h6 17. Nh4 Na5 18. f4 Qc4 19. Rc1 Nb3 20. Rb1 Na5 21. Rc1 Qb3 22. g4 Qxc2 23. Rcxc2 Rc7 24. Bd2 Ng6 25. Ng2 f5 26. exf6 Rxf6 27. h3 Rf8 28. Be1 Rc6 29. Rf2 Nc4 30. a4 Nd6 31. Rf3 Ne4 32. Ra3 Ng5 33. Rg3 Nxf4 34. Nxf4 Rxf4 35. Kg2 Re4 36. Kf1 Rc7 37. Ra2 Rf7+ 38. Rf2 Rxe1+ 39. Kxe1 Rxf2 40. Kxf2 Ne4+ 41. Kf3 Nxg3 42. Kxg3 Kf7 43. h4 g5 44. hxg5 hxg5 45. Kf3 Ke7 46. Ke3 Kd6 47. Kd3 e5 48. Ke3 e4 49. Kd2 Kc6 50.
Ke3 b5 51. a5 Kb7 0-1

[Event "Lithuanian Chess League 2021"]
[Site "Various cities"]
[Date "2021.05.14"]
[Round "5.15"]
[White "Butvilas, Aistis"]
[Black "Kurmis, Edvinas"]
[Result "1-0"]
[WhiteElo "2063"]
[BlackElo "1654"]
[PlyCount "83"]
[TimeControl "90/40+30:0"]
[WhiteClock "0:33:13"]
[BlackClock "0:01:15"]

1. d4 d5 2. c4 e6 3. Nc3 Nf6 4. cxd5 exd5 5. Bg5 c6 6. e3 Bf5 7. Qf3 Bg6 8.
Bxf6 Qxf6 9. Qxf6 gxf6 10. h4 h5 11. Nge2 Bd6 12. Nf4 Nd7 13.
Nce2 Bb4+ 14. Kd1 O-O-O 15. Ng3 Bd6 16. Be2 Be4 17. Ngxh5 Rdg8 18. Rh2 Bg6 19. Ng3 Nf8 20. Bf3 Ne6 21. Nge2 Nxf4 22. exf4 Bd3 23. g3 Re8 24. Nc3 b5 25. Kd2 Be4 26. Bxe4 dxe4 27. Rhh1 f5 28. Ke2 Bb4 29. Rac1 Kb7 30. d5 Bxc3 31. dxc6+ Kxc6 32. Rxc3+ Kb6 33. Rhc1 Re6 34. Rc5 Rhe8 35. Rxf5 e3 36. Rc2 f6 37. fxe3 Rxe3+ 38. Kf2 R3e6 39. g4 Rg8 40. g5 fxg5 41. hxg5 Rh8 42. Kf3 1-0

[Event "Lithuanian Chess League 2021"]
[Site "Various cities"]
[Date "2021.05.14"]
[Round "5.16"]
[White "Maziukas, Kasparas"]
[Black "Klimciauskas, Domantas"]
[Result "1/2-1/2"]
[WhiteElo "1870"]
[BlackElo "2175"]
[PlyCount "118"]
[TimeControl "90/40+30:0"]
[WhiteClock "0:11:23"]
[BlackClock "1:19:09"]

1. d4 g6 2. c4 Bg7 3. Nc3 d6 4. e4 e5 5. dxe5 dxe5 6. Qxd8+ Kxd8 7. Bg5+ f6 8.
O-O-O+ Bd7 9. Be3 Kc8 10. Nf3 Be6 11. Nd2 Nd7 12. c5 Bh6 13.
c6 bxc6 14. Ba6+ Kb8 15. Bxh6 Nxh6 16. Nb3 Bxb3 17. Rxd7 Be6 18.
Re7 Bc8 19. Bxc8 Kxc8 20. Rd1 Rd8 21. Rxd8+ Kxd8 22. Rxh7 Ng8 23. Na4 Rc8 24. Nc5 Ke8 25. Ne6 Ne7 26. Rh8+ Kf7 27. Rxc8 Nxc8 28. Nd8+ Ke7 29. Nxc6+ Kd6 30. Nb4 Kc5 31. Nd5 f5 32. Nxc7 fxe4 33.
Kd2 Nd6 34. Ke3 Kc6 35. Ne6 Kd5 36. Nf8 g5 37. Nh7 Nf5+ 38. Ke2 Nh4 39. Kf1 Kd4 40. Nxg5 Kd3 41. g3 Nf5 42. Nf7 Kc2 43. Nxe5 Kxb2 44. h4 Kxa2 45. Nc6 Kb3 46. Nxa7 Kc3 47. h5 Kd2 48. Kg2 e3 49. fxe3 Kxe3 50.
Kh3 Kf3 51. g4 Nh6 52. g5 Nf7 53. Kh4 Kf4 54. h6 Nxg5 55. Kh5 Nf7 56. h7 Kf5 57. Nc8 Kf6 58. Nd6 Kg7 59. Nxf7 Kxh7 1/2-1/2

[Event "Lithuanian Chess League 2021"]
[Site "Various cities"]
[Date "2021.05.14"]
[Round "5.17"]
[White "Juknis, Paulius"]
[Black "Likatavicius, Rapolas"]
[Result "1-0"]
[WhiteElo "2143"]
[BlackElo "1929"]
[PlyCount "93"]
[TimeControl "90/40+30:0"]
[WhiteClock "0:16:37"]
[BlackClock "0:14:18"]

1. d4 d5 2. Bf4 Nf6 3. e3 c5 4. c3 Nc6 5. Nd2 e6 6. Ngf3 Bd6 7. Bg3 O-O 8.
Bd3 b6 9. Qe2 Bb7 10. Rd1 cxd4 11. exd4 Ne7 12. Bxd6 Qxd6 13. Ne5 Ng6 14. g3 a6 15. h4 Nd7 16. Nxg6 fxg6 17. f4 b5 18. a3 Nb6 19. O-O Nc4 20. Nf3 a5 21. Ng5 b4 22. Bxc4 dxc4 23. Qxe6+ Qxe6 24. Nxe6 Rfe8 25. Rde1 bxa3 26. bxa3 Rab8 27. Nc5 Rxe1 28.
Rxe1 Bc6 29. Kf2 Rb2+ 30. Re2 Rb1 31. Re6 Rb2+ 32. Ke3 Bg2 33.
Ra6 Rc2 34. Na4 Ra2 35. Rxa5 Rxa3 36. d5 Bxd5 37. Rxd5 Rxa4 38.
Kd4 Kf7 39. Rd7+ Kf6 40. g4 h5 41. Rd6+ Kf7 42. g5 Ra1 43. Rd7+ Kf8 44. Kxc4 Ra4+ 45. Kc5 Rxf4 46. Rd4 Rf1 47. Re4 1-0

[Event "Lithuanian Chess League 2021"]
[Site "Various cities"]
[Date "2021.05.14"]
[Round "5.18"]
[White "Kuznecovas, Kevinas"]
[Black "Valantiejus, Vaidotas"]
[Result "1/2-1/2"]
[WhiteElo "1882"]
[BlackElo "2117"]
[PlyCount "83"]
[TimeControl "90/40+30:0"]
[WhiteClock "0:02:03"]
[BlackClock "0:00:42"]

1. e4 c5 2. Nf3 e6 3. d3 Nc6 4. g3 d5 5. Nbd2 Bd6 6. Bg2 Nge7 7. O-O O-O 8.
Re1 Qc7 9. Qe2 f6 10. h4 Bd7 11. Nf1 Rae8 12. N1h2 Kh8 13. h5 b5 14. Nh4 Kg8 15. c3 b4 16. f4 bxc3 17. bxc3 dxe4 18. dxe4 Rd8 19. N2f3 Qa5 20. Bb2 c4 21. e5 fxe5 22. fxe5 Nxe5 23. Nxe5 Bxe5 24. Qxe5 Qb6+ 25. Kh1 Qxb2 26. h6 gxh6 27. Bh3 Bc6+ 28. Ng2 Rf7 29. Qxe6 Bd7 30. Qxh6 Bxh3 31. Qxh3 Qxc3 32. Rac1 Qd4 33. Qe6 Rd6 34. Qxc4 Qxc4 35. Rxc4 Rd2 36. Ra4 Nf5 37. Kh2 Nd4 38. Kh3 Nf3 39. Re8+ Kg7 40. Rg4+ Kf6 41. Rf4+ Kg7 42. Rg4+ 1/2-1/2

[Event "Lithuanian Chess League 2021"]
[Site "Various cities"]
[Date "2021.05.14"]
[Round "5.19"]
[White "Jankunas, Tomas"]
[Black "Posaskov, Nikita"]
[Result "1-0"]
[WhiteElo "2115"]
[BlackElo "1706"]
[PlyCount "83"]
[TimeControl "90/40+30:0"]
[WhiteClock "0:06:02"]
[BlackClock "0:01:27"]

1. e4 c6 2. d4 d5 3. Nd2 dxe4 4. Nxe4 Nf6 5. Nxf6+ exf6 6. Nf3 Bd6 7. Be2 O-O 8. O-O Bf5 9. c4 Na6 10. Qb3 Qd7 11. Be3 Nc7 12. Rfd1 b5 13.
d5 cxd5 14. cxb5 Be4 15. Nd4 Ne6 16. f3 Bg6 17. Nc6 Nc7 18. Rac1 Rfe8 19. Bf1 Qf5 20. Bf2 Qh5 21. Bg3 Bxg3 22. hxg3 Qg5 23. g4 Qf4 24. Re1 Rxe1 25. Rxe1 Qd6 26. a4 Kf8 27. Qc3 Ne6 28. Nd4 Qb6 29. Rd1 Re8 30. b4 Qd6 31. a5 Qg3 32. Nxe6+ fxe6 33. Qc5+ Re7 34. b6 axb6 35. Qxb6 h5 36. a6 Qc7 37. Qxc7 Rxc7 38. gxh5 Be8 39. b5 Rc2 40. a7 Ra2 41. b6 Bc6 42. Rc1 1-0

[Event "Lithuanian Chess League 2021"]
[Site "Various cities"]
[Date "2021.05.14"]
[Round "5.20"]
[White "Bandza, Rokas"]
[Black "Aleknavicius, Andrius"]
[Result "1/2-1/2"]
[WhiteElo "1817"]
[BlackElo "1986"]
[PlyCount "76"]
[TimeControl "90/40+30:0"]
[WhiteClock "0:01:15"]
[BlackClock "0:00:44"]

1. e4 c5 2. c3 Nf6 3. e5 Nd5 4. d4 cxd4 5. cxd4 d6 6. Nf3 Nc6 7. Bc4 Nb6 8.
Bb5 Bd7 9. Nc3 e6 10. O-O d5 11. a3 Na5 12. Bd3 Be7 13. b3 O-O 14. Bb2 f5 15. exf6 Bxf6 16. Re1 g6 17. Ne2 Bg7 18. Bc3 Nc6 19. Qd2 Qf6 20. Rad1 Nc8 21. b4 a6 22. a4 N6a7 23. Nc1 Bxa4 24. Bc2 Bxc2 25. Qxc2 Nb5 26. Nd3 b6 27. Nde5 Qe7 28. Bd2 Ncd6 29. Ng5 Bxe5 30. Rxe5 Nc7 31. Rde1 Nc4 32. R5e2 Rf6 33. h4 h6 34. Nf3 Nxd2 35.
Qxd2 Kg7 36. Ne5 h5 37. Re3 Kh7 38. Rg3 Rg8 1/2-1/2

[Event "Lithuanian Chess League 2021"]
[Site "Various cities"]
[Date "2021.05.14"]
[Round "5.21"]
[White "Kalinauskas, Vytautas"]
[Black "Zagorskis, Darius"]
[Result "0-1"]
[WhiteElo "1909"]
[BlackElo "2408"]
[PlyCount "68"]
[TimeControl "90/40+30:0"]
[WhiteClock "0:01:27"]
[BlackClock "0:14:26"]

1. e4 c5 2. Ne2 e6 3. c3 d5 4. exd5 Qxd5 5. d4 Nf6 6. c4 Qd8 7. Nbc3 cxd4 8. Nxd4 a6 9. Be3 Be7 10. Bd3 Nbd7 11. O-O O-O 12. Qe2 Ne5 13. Bc2 Neg4 14. Rad1 Qc7 15. g3 Nxe3 16. fxe3 Nd7 17. Ne4 g6 18.
Rf2 b6 19. Rdf1 Bb7 20. b3 Rae8 21. Nc3 b5 22. Be4 Bxe4 23. Nxe4 bxc4 24. bxc4 Rc8 25. c5 Nxc5 26. Nxc5 Bxc5 27. Qxa6 Qe5 28. Qd3 Rcd8 29. Rf4 Qd5 30. Qe4 e5 31. Nf5 exf4 32. Nh6+ Kg7 33. Qxf4 Bxe3+ 34. Qxe3 Qd4 0-1

[Event "Lithuanian Chess League 2021"]
[Site "Various cities"]
[Date "2021.05.14"]
[Round "5.22"]
[White "Brazdzionis, Andrius"]
[Black "Rudzkis, Vilius"]
[Result "1-0"]
[WhiteElo "2333"]
[BlackElo "1743"]
[PlyCount "55"]
[TimeControl "90/40+30:0"]
[WhiteClock "0:12:34"]
[BlackClock "0:16:12"]

1. d4 Nf6 2. c4 g6 3. Nc3 d5 4. Nf3 Bg7 5. h4 dxc4 6. e4 c5 7. d5 b5 8. h5 O-O 9. hxg6 fxg6 10. e5 Ng4 11. d6 e6 12. Rxh7 Rf5 13. Rh3 Nd7 14. Nd5 Bf8 15. Nc7 Bb7 16. a4 Ndxe5 17. Nxa8 Qxa8 18. Nxe5 Rxe5+ 19. Be3 Nf6 20. Rg3 Qe8 21. axb5 Qxb5 22. d7 Nxd7 23. Rxg6+ Kf7 24. Rg5 Qb4+ 25. Qd2 Rd5 26. Qxb4 cxb4 27. Rxa7 Bc6 28. Bxc4 1-0

[Event "Lithuanian Chess League 2021"]
[Site "Various cities"]
[Date "2021.05.14"]
[Round "5.23"]
[White "Bazilius, Augustinas"]
[Black "Dambrauskas, Virginijus"]
[Result "1/2-1/2"]
[WhiteElo "1628"]
[BlackElo "2209"]
[PlyCount "37"]
[TimeControl "90/40+30:0"]
[WhiteClock "1:11:02"]
[BlackClock "0:26:12"]

1. d4 d5 2. c4 e6 3. Nf3 c6 4. g3 Nd7 5. Bg2 Ngf6 6. O-O Bd6 7. Nc3 O-O 8.
Nd2 Bc7 9. e4 dxe4 10. Ndxe4 Nxe4 11. Nxe4 b6 12. Qa4 Bb7 13. Nc3 a6 14. Bxc6 b5 15. cxb5 axb5 16. Qxb5 Ba6 17. Qa4 Bb7 18. Qb5 Ba6 19. Qa4 1/2-1/2

[Event "Lithuanian Chess League 2021"]
[Site "Various cities"]
[Date "2021.05.14"]
[Round "5.24"]
[White "Zaura, Vidmantas"]
[Black "Feofanov, Boris"]
[Result "1-0"]
[WhiteElo "2087"]
[BlackElo "1634"]
[PlyCount "75"]
[TimeControl "90/40+30:0"]
[WhiteClock "0:10:39"]
[BlackClock "0:00:46"]

1. Nf3 Nf6 2. g3 b6 3. Bg2 Bb7 4. c4 c5 5. Nc3 g6 6. O-O Bg7 7. e3 O-O 8.
d4 e6 9. d5 exd5 10. cxd5 d6 11. e4 a6 12. a4 Nbd7 13. Bf4 Qc7 14. Re1 Nh5 15. Bg5 h6 16. Be3 Rae8 17. Qc1 Kh7 18. g4 Nhf6 19. g5 hxg5 20.
Bxg5 Nh5 21. Bh4 Bh6 22. Ng5+ Kg7 23. f4 Rh8 24. Ne2 Ndf6 25. Ng3 Bc8 26. Qc3 Kg8 27. e5 dxe5 28. fxe5 Bxg5 29. Bxg5 Ng4 30. d6 Qb8 31. h3 Nxg3 32. Qxg3 Nh6 33. Bc6 Nf5 34. Qd3 Nd4 35. Bxe8 Rxh3 36. Re3 Bf5 37. Rxh3 Qxe8 38. Bf6 1-0